 Dungeon Sprint DCSS version 0.17-a0-81-g781747f (webtiles) character file.

2918 BluebellGnoll the Brawler (level 9, 0/82 HPs)
             Began as a Troll Transmuter on Mar 15, 2015.
             Was the Champion of Jiyva.
             Succumbed to a spiny frog's poison
             ... in the Dungeon (Sprint IX: "|||||||||||||||||||||||||||||").
             The game lasted 00:10:13 (646 turns).

BluebellGnoll the Brawler (Troll Transmuter)         Turns: 646, Time: 00:10:13

Health: 0/82       AC:  9    Str: 19    XL:     9   Next: 50%
Magic:  1/7        EV: 14    Int: 12    God:    Jiyva [******]
Gold:   20         SH:  0    Dex: 11    Spells: 1 memorised, 9 levels left

rFire  . . .     SeeInvis .       - Unarmed
rCold  . . .     Clarity  .     c - +0 robe
rNeg   . . .     SustAb   .     (shield restricted)
rPois  .         Gourm    +     (helmet restricted)
rElec  .         Spirit   .     p - +0 cloak
rCorr  +         Warding  .     (gloves unavailable)
rMut   .         NoTele   +     (boots unavailable)
MR     .....                    (no amulet)
Stlth  +.........               r - +2 ring of evasion
                                q - +2 ring of protection

@: lethally poisoned (0 -> -11), appendage (expiring), very slightly
contaminated, not resistant to hostile enchantments, very unstealthy
A: unfitting armour, claws 3, horns 2, fast metabolism 3, gourmand, regeneration
2, robust 1, shaggy fur 1, tough skin 2, wild magic 1, gelatinous body 1,
translucent skin 1
a: End Transformation, Request Jelly, Jelly Paralyse, Slimify, Cure Bad
Mutation, Renounce Religion


You were in the Dungeon.
You worshipped Jiyva.
Jiyva was exalted by your worship.
You were very full.
You had grown temporary horns.
You visited 1 branch You collected 20 gold pieces.

Inventory:

Missiles
 b - 12 arrows
Armour
 c - a +0 robe (worn)
 p - a +0 cloak (worn)
Magical staves
 o - an uncursed staff of energy
Jewellery
 q - a +2 ring of protection (left claw)
 r - a +2 ring of evasion (right claw)
Magical devices
 n - a wand of fire (4)
Scrolls
 j - 3 scrolls of blinking
 l - 3 scrolls of remove curse
 m - 2 scrolls of amnesia
 t - 2 scrolls of identify
 u - 5 scrolls of fear
Potions
 e - 6 potions of curing
 f - 5 potions of heal wounds
 g - a potion of haste
 h - 4 potions of magic
 i - a potion of cure mutation
 k - a potion of invisibility
 s - a potion of agility
Books
 d - a book of Changes

   Spells                             Type                      Level
   a - Beastly Appendage              Transmutation                1
   b - Sticks to Snakes               Transmutation                2
   c - Spider Form                    Transmutation/Poison         3
   d - Ice Form                       Ice/Transmutation            4
   e - Blade Hands                    Transmutation                5
Comestibles
 a - 2 meat rations


   Skills:
 - Level 0.7 Fighting
 - Level 6.8 Dodging
 + Level 19.1 Unarmed Combat
 - Level 1.2 Spellcasting
 - Level 1.3 Transmutations


You had 9 spell levels left.
You knew the following spells:

 Your Spells              Type           Power        Failure   Level  Hunger
a - Beastly Appendage     Trmt           #.....       30%         1    ##.....


Dungeon Overview and Level Annotations

Branches:
Dungeon (1/1)

Altars:
Cheibriados
Dithmenos
Elyvilon
Fedhas
Gozag
Kikubaaqudgha
Makhleb
Nemelex Xobeh
Okawaru
Qazlal
Ru
Sif Muna
Trog
Vehumet
Xom
Yredelemnul
Zin
The Shining One
Beogh
Jiyva
Lugonu


Innate Abilities, Weirdness & Mutations

You are too large for most types of armour.
You have claws for hands.
Your metabolism is lightning-fast.
You like to eat raw meat.
You heal very quickly.
You are covered in fur (AC +1).
You have very tough skin (AC +2).
You have a pair of horns on your head.
You are robust (+10% HP).
Your spells are a little harder to cast, but a little more powerful.
Your rubbery body absorbs attacks (AC +1).
Your skin is partially translucent (Stealth, -foe acc).


Message History

The spiny frog is heavily wounded.
You feel sick. The spiny frog stings you!!
* * * LOW HITPOINT WARNING * * *
You shudder from the blow and a jelly pops out!
You are lethally poisoned!
The spiny frog poisons you!
You swap places.
* * * LOW HITPOINT WARNING * * *
You feel sick.
Your acid blob spits acid at the spiny frog.
The splash of acid hits the spiny frog.
The spiny frog writhes in agony as its flesh is eaten away!
The spiny frog stings your acid blob!
The spiny frog is burned by acid!
* * * LOW HITPOINT WARNING * * *
You feel very sick.
Your acid blob spits acid at the spiny frog.
The splash of acid hits the spiny frog.
The spiny frog stings your acid blob!!
The spiny frog is burned by acid!
Unknown command.
You die...

▓▓▓▓▓▓▓▓▓▓▓▓▓▓▓▓▓▓▓▓▓▓▓▓▓▓▓▓▓▓▓▓▓
......†'..†.kFJ.@'......J......'.
▓▓▓▓▓▓▓▓▓▓▓▓▓▓▓▓▓▓▓▓▓▓▓▓▓▓▓▓▓▓▓▓▓
......J..........................
▓▓▓▓▓▓▓▓▓▓▓▓▓▓▓▓▓▓▓▓▓▓▓▓▓▓▓▓▓▓▓▓▓
__________________J__'....('.....
▓▓▓▓▓▓▓▓▓▓▓▓▓▓▓▓▓▓▓▓▓▓▓▓▓▓▓▓▓▓▓▓▓


You could see a spiny frog (bleeding), a fire drake, a neutral jelly (fellow
slime) and a friendly acid blob.

Vanquished Creatures
  A hill giant (D)
  A spiny frog (D)
  A blink frog (D)
  2 yaks (D)
  A wolf (D)
  A hippogriff (D)
  2 porcupines (D)
  A water moccasin (D)
  A sky beast (D)
  A phantom (D)
  An ogre (D)
  A scorpion (D)
  A crimson imp (D)
  3 hounds (D)
  2 river rats (D)
  A shadow imp (D)
  A giant gecko (D)
  An orc (D)
  2 bats (D)
  2 goblins (D)
  A hobgoblin (D)
  A kobold (D)
  A ball python (D)
  A ball python zombie (D)
  A rat (D)
32 creatures vanquished.

Vanquished Creatures (collateral kills)
  A hill giant (D)
  A yak (D)
  An orc warrior (D)
  An iguana (D)
4 creatures vanquished.

Vanquished Creatures (others)
  A spiny frog (D)
  A slime creature (D)
  3 jellies (D)
  A bat (D)
6 creatures vanquished.

Grand Total: 42 creatures vanquished

Notes
Turn   | Place    | Note
--------------------------------------------------------------
     0 | D        | BluebellGnoll, the Troll Transmuter, began the quest for the Orb.
     0 | D        | Reached XP level 1. HP: 18/18 MP: 2/2
    12 | D        | Reached skill level 4 in Unarmed Combat
    35 | D        | Noticed a crimson imp
    35 | D        | Noticed a scorpion
    48 | D        | Killed a scorpion
    48 | D        | Reached skill level 8 in Unarmed Combat
    48 | D        | Reached XP level 2. HP: 15/26 MP: 2/2
    48 | D        | Reached XP level 3. HP: 18/32 MP: 3/3
    63 | D        | Killed a crimson imp
    63 | D        | Reached skill level 9 in Unarmed Combat
    63 | D        | Reached XP level 4. HP: 20/40 MP: 4/4
    80 | D        | Found a glowing silver altar of Zin.
    80 | D        | Found a glowing golden altar of the Shining One.
    80 | D        | Found an ancient bone altar of Kikubaaqudgha.
    80 | D        | Found a basalt altar of Yredelemnul.
    80 | D        | Found a shimmering altar of Xom.
    80 | D        | Found a radiant altar of Vehumet.
    80 | D        | Found an iron altar of Okawaru.
    81 | D        | Found a burning altar of Makhleb.
    82 | D        | Found a deep blue altar of Sif Muna.
    83 | D        | Found a bloodstained altar of Trog.
    84 | D        | Found a sparkling altar of Nemelex Xobeh.
    85 | D        | Found a white marble altar of Elyvilon.
    86 | D        | Found a roughly hewn altar of Beogh.
    87 | D        | Found a viscous altar of Jiyva.
    88 | D        | Found a corrupted altar of Lugonu.
    89 | D        | Found a blossoming altar of Fedhas.
    90 | D        | Found a snail-covered altar of Cheibriados.
    91 | D        | Found a shadowy altar of Dithmenos.
    92 | D        | Found a stormy altar of Qazlal.
    93 | D        | Found an opulent altar of Gozag.
    94 | D        | Found a sacrificial altar of Ru.
    96 | D        | Became a worshipper of Jiyva Juer the Shapeless
   156 | D        | Acquired Jiyva's first power
   191 | D        | Acquired Jiyva's second power
   191 | D        | Gained mutation: Your flesh is cold resistant. [Jiyva's grace]
   193 | D        | Acquired Jiyva's third power
   195 | D        | Acquired Jiyva's fourth power
   195 | D        | Gained mutation: You are resistant to hostile enchantments. [Jiyva's grace]
   205 | D        | Noticed an ogre
   205 | D        | Noticed a hill giant
   267 | D        | Killed a hill giant
   267 | D        | Reached skill level 14 in Unarmed Combat
   267 | D        | Reached XP level 5. HP: 12/46 MP: 3/4
   267 | D        | Reached XP level 6. HP: 14/54 MP: 3/5
   269 | D        | Killed an ogre
   269 | D        | Reached XP level 7. HP: 16/61 MP: 3/5
   294 | D        | Gained mutation: Your skin is partially translucent (Stealth, -foe acc). [Jiyva's grace]
   294 | D        | Lost mutation: Your flesh is cold resistant. [Jiyva's grace]
   348 | D        | Noticed a yak
   348 | D        | Noticed an orc warrior
   348 | D        | Noticed a hill giant
   348 | D        | Noticed a sky beast
   348 | D        | Noticed a phantom
   348 | D        | Noticed a hound
   352 | D        | Killed a hound
   352 | D        | Reached skill level 15 in Unarmed Combat
   354 | D        | Killed a sky beast
   357 | D        | Killed a hill giant
   357 | D        | Reached skill level 17 in Unarmed Combat
   357 | D        | Reached XP level 8. HP: 27/68 MP: 4/6
   357 | D        | Killed an orc warrior
   360 | D        | Killed a yak
   363 | D        | Killed a phantom
   402 | D        | Lost mutation: You are resistant to hostile enchantments. [Jiyva's grace]
   402 | D        | Gained mutation: Your rubbery body absorbs attacks (AC +1). [Jiyva's grace]
   402 | D        | Gained mutation: You have supernaturally acute eyesight. [Jiyva's grace]
   535 | D        | Noticed a yak
   535 | D        | Noticed a spiny frog
   535 | D        | Noticed a hound
   535 | D        | Noticed a porcupine
   535 | D        | Noticed a hound
   535 | D        | Noticed a hippogriff
   537 | D        | Killed a hippogriff
   538 | D        | Killed a hound
   539 | D        | Noticed an iguana
   541 | D        | Killed a porcupine
   542 | D        | Noticed a wolf
   545 | D        | Killed a hound
   550 | D        | Killed a spiny frog
   550 | D        | Reached skill level 5 in Dodging
   550 | D        | Killed a yak
   552 | D        | Killed an iguana
   561 | D        | Killed a wolf
   561 | D        | Reached XP level 9. HP: 49/75 MP: 3/7
   568 | D        | Lost mutation: You have supernaturally acute eyesight. [Jiyva's grace]
   568 | D        | Gained mutation: You are robust (+10% HP). [Jiyva's grace]
   571 | D        | Gained mutation: Your spells are a little harder to cast, but a little more powerful. [Jiyva's grace]
   609 | D        | Noticed a fire drake
   609 | D        | Noticed a spiny frog
   609 | D        | Noticed a water moccasin
   609 | D        | Noticed a yak
   609 | D        | Noticed a blink frog
   609 | D        | Noticed a spiny frog
   610 | D        | Noticed a water moccasin
   613 | D        | Killed a spiny frog
   613 | D        | Reached skill level 18 in Unarmed Combat
   618 | D        | Noticed a porcupine
   622 | D        | Killed a yak
   629 | D        | Slimified a water moccasin
   629 | D        | a water moccasin changed into a slime creature
   638 | D        | HP: 2/82 [blink frog (12)]
   640 | D        | Killed a porcupine
   641 | D        | Killed a blink frog
   641 | D        | Reached skill level 19 in Unarmed Combat
   641 | D        | Killed a water moccasin
   644 | D        | HP: 3/82 [poisoned by a spiny frog]
   645 | D        | HP: 1/82 [poisoned by a spiny frog]
   646 | D        | Succumbed to a spiny frog's poison

Action                   |  1- 3 |  4- 6 |  7- 9 || total
-------------------------+-------+-------+-------++-------
Melee: Unarmed           |    36 |     6 |    48 ||    90
 Cast: Beastly Appendage |     3 |     2 |     5 ||    10
Invok: Request Jelly     |       |     1 |     3 ||     4
       Slimify           |       |       |     1 ||     1
Evoke: Wand              |       |     1 |     2 ||     3
  Use: Potion            |       |     1 |     2 ||     3
  Eat: Chunk             |     1 |     1 |     8 ||    10
